 Dungeon Crawl Stone Soup version 0.31.0-4-g52a2dc7128 (console) character file.

Game seed: 12576039131734973071

272 AlterAsc the Changeling (level 6, -4/29 HPs)
             Began as an Octopode Shapeshifter on Jan 21, 2024.
             Was an Initiate of Okawaru.
             Killed by divine providence
             ... invoked by an orc priest
              (12 damage)
             ... on level 5 of the Dungeon.
             The game lasted 00:10:24 (3361 turns).

AlterAsc the Changeling (Octopode Shapeshifter)     Turns: 3361, Time: 00:10:25

Health: -4/29      AC:  6    Str: 18    XL:     6   Next: 23%
Magic:  6/6        EV: 10    Int: 13    God:    Okawaru [......]
Gold:   170        SH:  0    Dex: 13    Spells: 5/5 levels left

rFire   . . .        g - melded +3 spear
rCold   . . .        (shield currently unavailable)
rNeg    . . .        (helmet currently unavailable)
rPois   +            (no amulet)
rElec   .            (no ring)
rCorr   .            (no ring)
SInv    .            (no ring)
Will    .....        (no ring)
Stlth   +            (no ring)
HPRegen 0.24/turn    (no ring)
MPRegen 0.10/turn    (no ring)
                     (no ring)

%: no passive effects
@: snake-form
A: constrict, reduced hp, almost no armour, amphibious, 8 rings, large,
(camouflage 1), (gelatinous body 1), (nimble swimmer 1), (tentacles)
a: Begin Untransformation, Renounce Religion


You were on level 5 of the Dungeon.
You worshipped Okawaru.
Okawaru was noncommittal.
You were an enormous serpent.
You visited 2 branches of the dungeon, and saw 6 of its levels.

You collected 170 gold pieces.

Inventory:

Hand Weapons
 g - a +3 spear (melded)
 n - a +2 vampiric dagger
Talismans
 a - a blade talisman
 b - a beast talisman
 c - a flux talisman
 m - a serpent talisman (active)
Wands
 j - a wand of charming (13)
Scrolls
 e - a scroll of noise
 f - a scroll of amnesia {unknown}
 h - 4 scrolls of identify
 i - a scroll of enchant weapon {unknown}
 k - a scroll of teleportation {unknown}
 l - a scroll of enchant armour {unknown}
Potions
 d - 3 potions of curing


   Skills:
 - Level 1.0 Fighting
 - Level 2.0 Dodging
 - Level 3.0 Unarmed Combat
 + Level 6.3 Shapeshifting


You had 5 spell levels left.
You didn't know any spells.
Your spell library contained the following spells:

 Spells                   Type           Power      Damage    Failure   Level
 Magic Dart               Conj           0%         1d3       30%         1
 Searing Ray              Conj           0%         2d4       43%         2
 Fulminant Prism          Conj/Alch      0%         3d5       97%         4
 Animate Dead             Necr           Unusable   N/A       N/A         4
 Haunt                    Necr/Summ      Unusable   N/A       N/A         7
 Infestation              Necr           Unusable   N/A       N/A         8

Dungeon Overview and Level Annotations

Branches:
Dungeon (5/15)             Temple (1/1) D:4

Altars:
Ashenzari
Cheibriados
Dithmenos
Elyvilon
Fedhas
Gozag
Hepliaklqana
Makhleb
Nemelex Xobeh
Okawaru
Qazlal
Ru
Sif Muna
Trog
Uskayaw
Vehumet
Wu Jian
Xom
Yredelemnul
Zin
The Shining One

Annotations:
D:2 Sigmund
D:3 1 runed translucent door, 1 exclusion, Crazy Yiuf


Innate Abilities, Weirdness & Mutations

You are an enormous serpent.
You have a powerful constriction melee attack.
Your maximum health is decreased, since you lack skill for your form.
Your armour is entirely melded.
You are incapable of wielding weapons or throwing items.
You cannot wear most types of armour.
You are amphibious.
You can wear up to eight rings at the same time.
((Your skin changes colour to match your surroundings (Stealth+).))
((Your rubbery body absorbs attacks. (AC +1, EV +1)))
((You are camouflaged when in or above water. (Stealth+)))
((You have tentacles for arms and can constrict up to eight enemies at once.))


Message History

The adder is heavily wounded.
The adder barely misses you.
You hit the adder. Your grab misses the adder.
The adder is heavily wounded.
The adder bites you. The adder bites you but does no damage.
You miss the adder. Your grab misses the adder.
The adder is heavily wounded.
The adder bites you but does no damage.
You hit the adder. Your grab misses the adder.
The adder is severely wounded.
An orc priest comes into view.
It is wielding a +0 war axe of draining.
The adder closely misses you.
Things that are here:
a +0 mace; a +2 leather armour of cold resistance You lash the adder!
You kill the adder!
Okawaru accepts your kill.
An orc priest comes into view. It is wielding a +0 club.
The orc priest invokes the aid of Beogh against you.
Beogh smites you!
Ouch! That really hurt!
You see here an adder corpse.
The orc priest shouts!
You hear a shout!
The orc priest begins to cast a cantrip, but forgets the words!
There is a stone staircase leading down here.
The orc priest barely misses you.
You climb downwards.
There is a stone staircase leading up here.
You closely miss the orc priest. You grab the orc priest.
You constrict the orc priest. The orc priest hits you with a +0 club.
You hit the orc priest.
The orc priest is moderately wounded.
You constrict the orc priest. The orc priest hits you with a +0 club.
* * * LOW HITPOINT WARNING * * *
You hit the orc priest but do no damage.
The orc priest is moderately wounded.
You constrict the orc priest.
The orc priest mumbles some strange prayers to Beogh against you.
Beogh smites you!
You die...

## #. #.#
#.#..
#....##
#.S#
##.o......
#....#...
.....#
..##..#
.### ..# #
.# .#


You could see an orc priest.

Vanquished Creatures
  A hound (D:3)
  An iguana (D:4)
  Terence (D:2)
  9 adders
  2 ufetubi (D:3)
  3 ribbon worms
  4 dart slugs
  8 orcs
  8 endoplasms
  A giant cockroach (D:1)
  7 goblins
  4 hobgoblins (D:1)
  2 jackals
  7 quokkas
  A ball python (D:2)
  6 bats
  4 frilled lizards
  9 kobolds
  6 rats
84 creatures vanquished.

Notes
Turn   | Place    | Note
-------+----------+-------------------------------------------
     0 | D:1      | AlterAsc the Octopode Shapeshifter began the quest for the
                  | Orb.
     0 | D:1      | Reached XP level 1. HP: 13/13 MP: 1/1
   114 | D:1      | Reached XP level 2. HP: 15/18 MP: 2/2
   496 | D:1      | Found a faded altar of an unknown god.
   704 | D:1      | Reached XP level 3. HP: 23/23 MP: 3/3
   709 | D:1      | Reached skill level 4 in Shapeshifting
   867 | D:2      | Noticed Terence
   883 | D:2      | Killed Terence
   933 | D:2      | Reached XP level 4. HP: 13/28 MP: 4/4
  1013 | D:2      | Noticed Sigmund
  1607 | D:2      | Reached skill level 5 in Shapeshifting
  1884 | D:3      | Reached XP level 5. HP: 27/33 MP: 5/5
  2617 | D:3      | Reached skill level 6 in Shapeshifting
  2769 | D:3      | Found a runed translucent door.
  2770 | D:3      | Identified the +0 hammer of the Puffball {flame, rCorr
                  | Str+2}
  2770 | D:3      | Noticed Crazy Yiuf
  2868 | D:4      | Noticed a black bear
  2980 | D:4      | Reached XP level 6. HP: 35/38 MP: 6/6
  3005 | D:4      | Found a snail-covered altar of Cheibriados.
  3005 | D:4      | Found a glowing golden altar of the Shining One.
  3149 | D:5      | Entered Level 5 of the Dungeon
  3234 | D:4      | Found a staircase to the Ecumenical Temple.
  3243 | Temple   | Entered the Ecumenical Temple
  3258 | Temple   | Became a worshipper of Warmaster Okawaru
  3361 | D:5      | Killed from afar by an orc priest

Illustrated notes

Levels and vault maps discovered:
D:1:      lightli_molten_gateway, layout_loops_ring,
          hellmonk_ecumenical_altar_inner_sanctum
D:2:      minmay_diamond_boxcup, layout_loops_cross, uniq_sigmund, uniq_terence
D:3:      layout_loops_ring, minmay_joined_circles, uniq_crazy_yiuf_cottage
D:4:      layout_layer_cave, jmf_multi_god_temple, temple_hall, minivault_27,
          uniq_pikel, uniq_ijyb
D:5:      layout_layer_cave, tgw_kikubaaqudgha, serial_shops,
          nicolae_diamond_shop, serial_co_window_serial, co_window_paths_b,
          co_window_paths_a, co_window_paths_a, co_window_paths_b,
          co_window_of_opportunity_a, co_window_corner_a, co_window_paths_b,
          co_window_corner_ca, co_window_unsneaky_path_e,
          co_window_of_opportunity_b, glass_columns_a, glass_columns_c,
          glass_columns_c, uniq_prince_ribbit1
Temple:   compressed_dpeg_triangle_lava_temple

Skill      XL: |  1  2  3  4  5 |
---------------+----------------+-----
Shapeshifting  | 4 5 6 |  6.3
Fighting       | |  1.0
Dodging        | |  2.0
Unarmed Combat | |  3.0

Action                     |  1- 3 |  4- 6 || total
---------------------------+-------+-------++-------
  Melee: Unarmed           |    57 |    19 ||    76
         Tentacles         |     9 |    18 ||    27
         Constrict         |    14 |    21 ||    35
         Punch             |     1 |     2 ||     3
         Spear             |       |    87 ||    87
         Dagger            |       |    13 ||    13
    Use: Potion            |     1 |       ||     1
         Scroll            |       |     2 ||     2
   Stab: Sleeping          |     9 |     9 ||    18
 Armour: Skin              |    26 |    51 ||    77
  Dodge: Dodged            |    23 |    55 ||    78
   Form: Serpent           |       |     2 ||     2
                           |       |     1 ||     1
